 Dungeon Crawl Stone Soup version 0.28-a0-991-g956f0ee3d5 (webtiles) character file.

Game seed: 17200977097185673457

19233 blank1 the Fighter (level 12, -22/99 HPs)
             Began as a Ghoul Monk on Dec 4, 2021.
             Was a High Priest of Ru.
             Annihilated by Rupert (26 damage)
             ... on level 3 of the Lair of Beasts on Dec 5, 2021.
             The game lasted 00:43:06 (15548 turns).

blank1 the Fighter (Ghoul Monk)                    Turns: 15548, Time: 00:43:06

Health: -22/99     AC: 18    Str: 20    XL:     12   Next: 66%
Magic:  11/11      EV:  7    Int: 14    God:    Ru [*****.]
Gold:   101        SH:  9    Dex: 11    Spells: 11/11 levels left

rFire   . . .      SeeInvis .   b - +9 hand axe of Propriety {drain, rCorr Stlth+}
rCold   + . .      Faith    .   q - +0 kite shield
rNeg    + + +      Spirit   .   E - +0 plate armour
rPois   ∞          Reflect  .   o - +1 helmet {Int+3}
rElec   .          Harm     .   (no cloak)
rCorr   +          Rampage  .   y - +0 pair of gloves
Will    ++++.      Clarity  +   n - +0 pair of boots
Stlth   ..........              B - amulet of the Four Winds {rN+ Will+++ Clar}
HPRegen 0.00/turn               l - ring of willpower
MPRegen 0.12/turn               r - +6 ring of intelligence

@: inhibited regen
A: claws 1, cold resistance 1, frail 1, negative energy resistance 3, inhibited
regeneration, torment resistance 2, inability to use devices, hated by all
a: Renounce Religion, Draw Out Power, Power Leap, Apocalypse


You were on level 3 of the Lair of Beasts.
You worshipped Ru.
Ru was extremely pleased with you.
You visited 2 branches of the dungeon, and saw 13 of its levels.
You also visited: Ossuary.

You collected 627 gold pieces.
You spent 526 gold pieces at shops.

Inventory:

Hand Weapons
 b - the +9 hand axe of Propriety (weapon) {drain, rCorr Stlth+}
   (You found it on level 4 of the Dungeon)

   A truly terrible weapon, it drains the life of any living foe it strikes.
   rCorr:     It protects you from acid and corrosion.
   Stlth:     It makes you more stealthy.
 h - a +2 long sword of flaming
Missiles
 C - 2 throwing nets (quivered)
Armour
 n - a +0 pair of boots (worn)
 o - a +1 helmet of intelligence (worn)
 q - a +0 kite shield (worn)
 y - a +0 pair of gloves (worn)
 E - a +0 plate armour (worn)
Jewellery
 j - an amulet of reflection
 l - a ring of willpower (left hand)
 r - a +6 ring of intelligence (right hand)
 u - a ring of fire
 B - the amulet of the Four Winds (around neck) {rN+ Will+++ Clar}
   (You bought it in a shop on level 4 of the Dungeon)

   [amulet of nothing]

   rN:        It protects you from negative energy.
   Clar:      It protects you against confusion.
   Will:      It greatly increases your willpower.
Scrolls
 f - 3 scrolls of magic mapping
 i - 2 scrolls of enchant armour
 s - 2 scrolls of enchant weapon
 t - 3 scrolls of teleportation
 v - a scroll of blinking
 w - a scroll of torment
 x - a scroll of fear
Potions
 a - a potion of might
 c - 7 potions of curing
 d - a potion of cancellation
 e - 6 potions of brilliance
 g - a potion of ambrosia
 k - 2 potions of berserk rage
 m - 4 potions of heal wounds
 p - 2 potions of flight
 z - 4 potions of haste
 A - 2 potions of attraction {unknown}


   Skills:
 - Level 11.0 Fighting
 - Level 4.0 Long Blades
 - Level 10.0 Axes
 + Level 7.6 Armour
 + Level 7.6 Dodging
 - Level 2.1 Stealth
 - Level 7.0 Shields
 - Level 5.0 Unarmed Combat


You had 11 spell levels left.
You didn't know any spells.
Your spell library contained the following spells:

 Spells                   Type           Power      Damage    Failure   Level
 Pain                     Necr           0%         1d4       100%        1
 Corpse Rot               Necr/Air       0%         N/A       100%        2
 Poisonous Vapours        Pois/Air       0%         N/A       100%        2
 Vampiric Draining        Necr           0%         2d6       100%        3
 Flame Wave               Conj/Fire      0%         2d4       100%        4
 Animate Skeleton         Necr           Unusable   N/A       N/A         1

Dungeon Overview and Level Annotations

Branches:
Dungeon (10/15)            Temple (0/1) D:7            Lair (3/6) D:9
 Shoals (0/4) Lair:2          Orc (0/2) D:10        Ossuary (visited)
  Snake: Lair:2-4    Spider: Lair:2-4

Altars:
Ashenzari
Cheibriados
Dithmenos
Elyvilon
Fedhas
Qazlal
Ru
Sif Muna
Trog
Vehumet
Wu Jian
Xom
Zin
The Shining One

Shops:
D:4 =   D:6 ([   D:9 ?

Annotations:
D:6 1 runed translucent door, Midn8's ghost, novice OpWn
Lair:3 Rupert


Innate Abilities, Weirdness & Mutations

You thrive by killing the living.
You are immune to poison.
You have sharp fingernails.
Your flesh is cold resistant. (rC+)
You are frail. (-10% HP)
You are immune to negative energy. (rN+++)
You do not regenerate when monsters are visible.
You are immune to unholy pain and torment.
You cannot study or use magical devices.
You are hated by all.


Message History

You redirect Rupert's attack! x2
Rupert hits himself with a +4 great sword of electrocution!!
You closely miss Rupert.
Rupert is moderately wounded.
You hit the fungus. You hit Rupert but do no damage. You drain Rupert.
Rupert is moderately wounded.
You hit the fungus.
A nearby fungus withers and dies.
Rupert roars madly and goes into a rage!
Rupert goes berserk!
You slash Rupert! You drain Rupert.
Rupert is heavily wounded.
You block Rupert's attack. x2
You hit Rupert. You drain Rupert.
Rupert is heavily wounded.
Rupert hits you but does no damage.
You barely miss Rupert.
Rupert is heavily wounded.
Rupert hits you with a +4 great sword of electrocution!!
You block Rupert's attack.
You closely miss Rupert.
Rupert is heavily wounded.
Rupert is stunned by your conviction and fails to attack.
You barely miss Rupert.
Rupert is heavily wounded.
Rupert hits you with a +4 great sword of electrocution!
You are electrocuted!
You block Rupert's attack.
You slash Rupert!
Rupert is heavily wounded.
You block Rupert's attack.
You hit Rupert.
Rupert is heavily wounded.
Rupert hits you with a +4 great sword of electrocution!!
* * * LOW HITPOINT WARNING * * *
You are electrocuted!
* * * LOW HITPOINT WARNING * * *
You slice Rupert!! You drain Rupert!
Rupert is severely wounded.
Rupert hits you with a +4 great sword of electrocution!!
You die...

.....#<......#
.....#....#..##.......#
###..÷#..#.... .......#
###.†......##. .......#
.###.[...### .....^.
.##.⌠.<#..# #...P##
.###...#### #.....#
.###.(## #@....##
###...# ##@.....#
##....### #.......##
.....#..#### ##.......P#
...#.......###........##
..##........#.#.......#
###...................#
.#...........#........#
##........)#####......#
###........# #......P#


You could see Rupert (berserk, drained).

Vanquished Creatures
  Gastronok (Lair:3)
  A two-headed ogre (D:9)
  2 death yaks (Lair:3)
  Pikel (D:9)
  A cyclops (D:6)
  6 elephants (Lair:2)
  A torpor snail (Lair:3)
  3 cane toads
  Maggie (D:6)
  2 kobold demonologists
  4 komodo dragons
  2 polar bears (Lair:1)
  2 trolls
  Prince Ribbit (D:5)
  7 blink frogs (Lair:2)
  A ynoxinul (D:8)
  Grum (D:6)
  3 yaks
  5 basilisks
  2 wyverns (D:9)
  5 steam dragons
  5 water moccasins
  An acid dragon (D:6)
  Duvessa (D:5)
  6 orc warriors
  A sky beast (D:6)
  2 ogres
  A black bear (D:5)
  3 necrophages
  7 wolves
  2 centaurs
  A lemure (D:9)
  2 phantoms
  3 gnoll sergeants
  10 kobold brigands
  6 bullfrogs
  2 scorpions
  Dowan (D:5)
  4 killer bees
  4 wights (D:6)
  2 howler monkeys
  8 hounds
  A human zombie (Ossuary)
  A bullfrog zombie (D:6)
  4 centaur zombies
  8 orc priests
  2 gnoll shamans (D:6)
  2 jellies
  A centaur skeleton (D:7)
  4 iguanas
  5 orc wizards
  2 killer bee zombies (D:7)
  2 mummies (Ossuary)
  A hound skeleton (D:4)
  16 gnolls
  6 adders
  3 white imps
  2 ufetubi (D:5)
  2 worms
  A dart slug (D:3)
  25 orcs
  5 endoplasms
  3 giant cockroaches
  7 goblins
  4 hobgoblins
  5 jackals
  A quokka (D:1)
  3 ball pythons
  6 bats
  5 frilled lizards
  A goblin zombie (Ossuary)
  12 hobgoblin zombies (Ossuary)
  40 kobolds
  11 kobold zombies (Ossuary)
  5 orc zombies (Ossuary)
  A quokka skeleton (D:4)
  5 rats
  4 rat zombies (Ossuary)
330 creatures vanquished.

Vanquished Creatures (others)
  A blink frog (Lair:2)
  A yak (Lair:2)
  A basilisk (Lair:3)
  A kobold brigand (D:7)
  A gnoll (D:9)
  An orc (D:10)
  11 fungi
  14 plants
31 creatures vanquished.

Grand Total: 361 creatures vanquished

Notes
Turn   | Place    | Note
-------+----------+-------------------------------------------
     0 | D:1      | blank1 the Ghoul Monk began the quest for the Orb.
     0 | D:1      | Reached XP level 1. HP: 19/19 MP: 0/0
   160 | D:1      | Reached XP level 2. HP: 24/26 MP: 1/1
   511 | D:1      | Found a faded altar of an unknown god.
   882 | D:1      | Reached XP level 3. HP: 17/33 MP: 2/2
  1324 | D:1      | Prayed at the altar of an unknown god.
  1324 | D:1      | Became a worshipper of Ru the Awakened
  1337 | D:1      | Gained mutation: You are hated by all. [Ru sacrifice]
  1337 | D:1      | Reached * piety under Ru
  1337 | D:1      | Reached ** piety under Ru
  1561 | D:2      | Reached skill level 4 in Fighting
  1621 | D:1      | Reached XP level 4. HP: 40/40 MP: 3/3
  1720 | D:2      | Reached skill level 1 in Armour
  2351 | D:3      | Noticed a phantom
  2378 | D:3      | Killed a phantom
  2379 | D:3      | Reached XP level 5. HP: 11/46 MP: 4/4
  2974 | D:3      | Reached skill level 5 in Unarmed Combat
  2974 | D:3      | Reached XP level 6. HP: 47/52 MP: 5/5
  3121 | D:4      | Found a sand-covered staircase.
  3191 | Ossuary  | Entered an ossuary
  3837 | D:4      | Found Xepnaq's Jewellery Shoppe.
  3946 | D:4      | Reached skill level 5 in Fighting
  3957 | D:4      | Reached XP level 7. HP: 60/61 MP: 6/6
  3962 | D:4      | Found a broken altar of Ashenzari.
  4224 | D:4      | Identified the +9 hand axe of Propriety {drain, rCorr
                  | Stlth+}
  4481 | D:4      | Reached skill level 1 in Axes
  4495 | D:4      | Found a shadowy altar of Dithmenos.
  4715 | D:5      | Entered Level 5 of the Dungeon
  4833 | D:5      | Reached skill level 6 in Fighting
  4954 | D:5      | Found a radiant altar of Vehumet.
  5015 | D:5      | Noticed a kobold demonologist
  5018 | D:5      | Reached XP level 8. HP: 69/70 MP: 7/7
  5026 | D:5      | Noticed a rust devil
  5027 | D:5      | Killed a kobold demonologist
  5353 | D:5      | Noticed Dowan
  5354 | D:5      | Noticed Duvessa
  5366 | D:5      | Killed Dowan
  5369 | D:5      | Killed Duvessa
  5502 | D:5      | Reached skill level 7 in Fighting
  5502 | D:5      | Reached skill level 5 in Dodging
  5733 | D:6      | Reached skill level 5 in Armour
  5806 | D:6      | Reached skill level 1 in Shields
  5806 | D:6      | Reached XP level 9. HP: 79/79 MP: 8/8
  5823 | D:6      | Found a radiant altar of Vehumet.
  5953 | D:6      | You fall into a shaft and drop 3 floors!
  5956 | D:9      | Noticed Pikel
  5981 | D:9      | Killed Pikel
  5982 | D:9      | Reached skill level 5 in Axes
  6056 | D:8      | Noticed a troll
  6065 | D:8      | Killed a troll
  6075 | D:7      | Found a staircase to the Ecumenical Temple.
  6562 | D:6      | Found a runed translucent door.
  6562 | D:6      | Found a shimmering altar of Xom.
  6562 | D:6      | Noticed Midn8's ghost (novice OpWn)
  6563 | D:6      | Noticed a +2 whip of chaos
  6780 | D:6      | Reached skill level 8 in Fighting
  6791 | D:6      | Found Dibissie's Antique Weapon Shoppe.
  6899 | D:6      | Reached skill level 9 in Fighting
  6899 | D:6      | Reached XP level 10. HP: 85/91 MP: 9/9
  6932 | D:6      | Noticed Grum
  6946 | D:6      | Killed Grum
  7132 | D:6      | Found a snail-covered altar of Cheibriados.
  7363 | D:6      | Noticed Prince Ribbit
  7363 | D:6      | Noticed Maggie
  7396 | D:5      | Killed Prince Ribbit
  7397 | D:5      | Reached skill level 10 in Fighting
  7527 | D:6      | Killed Maggie
  7594 | D:6      | Found Foecu's Armour Shoppe.
  7648 | D:6      | Found a stormy altar of Qazlal.
  7653 | D:6      | Noticed a cyclops
  7664 | D:6      | Killed a cyclops
  8800 | D:8      | Found a stormy altar of Qazlal.
  8831 | D:8      | Found an ornate altar of the Wu Jian Council.
  8834 | D:8      | Found a sacrificial altar of Ru.
  9280 | D:8      | Found a shimmering blue altar of Sif Muna.
  9288 | D:8      | Got Sif Muna's Incunabulum of Heat
  9293 | D:8      | Found a bloodstained altar of Trog.
  9622 | D:9      | Reached XP level 11. HP: 98/99 MP: 10/10
  9689 | D:9      | Found a staircase to the Lair.
  9831 | D:9      | Noticed a two-headed ogre
  9846 | D:9      | Killed a two-headed ogre
  9847 | D:9      | Reached skill level 5 in Shields
 10169 | D:9      | Identified the amulet "Pamob" {Acrobat rN+ Int-5 Dex+3}
 10230 | D:9      | Found Zoimed's Magic Scroll Shoppe.
 10839 | D:9      | Gained mutation: You cannot study or use magical devices.
                  | [Ru sacrifice]
 10839 | D:9      | Reached *** piety under Ru
 11415 | D:10     | Entered Level 10 of the Dungeon
 11972 | D:10     | Found a staircase to the Orcish Mines.
 12048 | Lair:1   | Entered Level 1 of the Lair of Beasts
 13201 | Lair:2   | Reached skill level 1 in Long Blades
 13549 | Lair:2   | Reached XP level 12. HP: 108/108 MP: 11/11
 13550 | Lair:2   | Reached skill level 11 in Fighting
 13565 | Lair:2   | Gained mutation: You are frail. (-10% HP) [Ru sacrifice]
 13565 | Lair:2   | Reached **** piety under Ru
 13565 | Lair:2   | Reached ***** piety under Ru
 13590 | Lair:2   | Found a staircase to the Shoals.
 14702 | D:4      | Bought the amulet of the Four Winds {rN+ Will+++ Clar} for
                  | 526 gold pieces
 14702 | D:4      | Found the amulet of the Four Winds {rN+ Will+++ Clar}
 14949 | Lair:3   | Noticed Gastronok
 14976 | Lair:3   | Killed Gastronok
 15177 | Lair:3   | Reached skill level 10 in Axes
 15242 | Lair:3   | Noticed a death yak
 15242 | Lair:3   | Noticed a death yak
 15282 | Lair:3   | Killed a death yak
 15290 | Lair:3   | Killed a death yak
 15533 | Lair:3   | Noticed Rupert
 15547 | Lair:3   | HP: 4/99 [Rupert (15)]
 15548 | Lair:3   | Annihilated by Rupert

Illustrated notes

Levels and vault maps discovered:
D:1:      eino_arrival_water_star, layout_basic,
          dreamdust_ecumenical_altar_hidden_monk_grotto, lexackson_kobold_supper
D:2:      layout_basic, minmay_misc_feat_enclosed,
          minmay_randomly_rotated_circles
D:3:      layout_basic
D:4:      layout_basic, overflow_temple_1_default,
          chequers_temple_overflow_statue_of_worship, serial_shops,
          nicolae_diamond_shop, nicolae_ossuary_entry_false_entrances
D:5:      layout_basic, vehumet_altar_wand_db, nrook_uturn,
          hangedman_minor_gate_pass, uniq_duvessa
D:6:      layout_cave_pools, lemuel_tele_altar,
          gammafunk_temple_overflow_statue, serial_gnoll_camp,
          gnoll_camp_mini_shop, gnoll_camp_mini_basic, grums_kennel,
          gnoll_camp_mini_house, gnoll_camp_mini_shop, gnoll_camp_mini_hut,
          ebering_ghost_xom, hangedman_feature_mirror, uniq_prince_ribbit1,
          uniq_maggie
D:7:      cheibrodos_steamvent, layout_basic, minmay_temple_entry_large_hall
D:8:      layout_rooms, nzn_overflow_gifts_of_might_and_magic,
          grunt_temple_overflow_open, kennysheep_small_spiral
D:9:      layout_layer_cave, david_lair_generic, special_room
          [special_room_kobold], serial_shops, shop, uniq_pikel
D:10:     layout_roguey, orc_0_dummy, minmay_misc_feat_iff
Lair:1:   layout_cave_pods
Lair:2:   layout_cellular_growth, elwin_shoals_entry_rocks,
          chequers_serial_rivers_small_a, lemuel_fruit_tree,
          serial_bayou_shore_a
Lair:3:   layout_roguey, serial_bayou_shore_b, serial_bayou_shore_b,
          grunt_megastairs_5, uniq_gastronok, uniq_rupert

Skill      XL: |  1  2  3  4  5  6  7  8  9 10 11 12 |
---------------+-------------------------------------+-----
Dodging        | 3 4 5 7 |  7.6
Fighting       | 4 5 6 7 9 10 11 | 11.0
Unarmed Combat | 4 5 |  5.0
Armour         | 1 2 3 5 7 |  7.6
Axes           | 3 4 6 8 10 | 10.0
Shields        | 1 4 7 |  7.0
Long Blades    | 3 4 |  4.0
Stealth        | |  2.1

Action                   |  1- 3 |  4- 6 |  7- 9 | 10-12 || total
-------------------------+-------+-------+-------+-------++-------
Melee: Unarmed           |   109 |   267 |    19 |       ||   395
       Punch             |     1 |     6 |     1 |       ||     8
       Hand axe          |       |       |   206 |   600 ||   806
Invok: Sacrifice Love    |     1 |       |       |       ||     1
       Reject Sacrifices |       |     1 |       |       ||     1
       Sacrifice Artific |       |       |       |     1 ||     1
       Sacrifice Health  |       |       |       |     1 ||     1
  Use: Scroll            |       |    12 |     2 |     8 ||    22
 Stab: Sleeping          |     3 |       |     1 |       ||     4
       Distracted        |       |     1 |       |       ||     1
       Paralysed         |       |       |       |     2 ||     2
Armor: Robe              |     4 |       |       |       ||     4
       Scale mail        |    20 |    94 |    92 |     5 ||   211
       Plate armour      |       |       |       |   292 ||   292
Dodge: Dodged            |    64 |   105 |   102 |   124 ||   395
Block: Other             |       |    39 |     6 |       ||    45
       Kite shield       |       |       |   163 |   381 ||   544
       Reflection        |       |       |     1 |    18 ||    19

Table legend: (Time is in decaauts)
 A = Elapsed time spent in this place.
 B = Non-inter-level travel time spent in this place.
 C = Inter-level travel time spent in this place.
 D = Time resting spent in this place.
 E = Time spent auto-exploring this place.
 F = Levels seen in this place.
 G = Mean time per level.
                   A        B        C        D        E       F      G
               +--------+--------+--------+--------+--------+-----+--------+
         Total |  15694 |  14699 |    995 |   2461 |   8609 |  14 | 1121.0 |
       Dungeon |  11728 |  10899 |    829 |   1475 |   6705 |  10 | 1172.8 |
          Lair |   3340 |   3174 |    166 |    827 |   1848 |   3 | 1113.3 |
       Ossuary |    625 |    625 |      0 |    159 |     55 |   1 |  625.0 |
               +--------+--------+--------+--------+--------+-----+--------+

Top non-repeatable levels by time:
     D:9: 1910 daAuts
     D:6: 1846 daAuts
  Lair:2: 1696 daAuts
     D:1: 1460 daAuts
     D:5: 1350 daAuts
  Lair:1: 1199 daAuts
     D:8: 1021 daAuts
     D:3: 980 daAuts
     D:4: 975 daAuts
     D:7: 857 daAuts
     D:2: 710 daAuts
 Ossuary: 625 daAuts
    D:10: 615 daAuts
  Lair:3: 444 daAuts
